 Dungeon Crawl Stone Soup version 0.27.1-2-g3b301248ec (webtiles) character file.

Game seed: 5912977959058787850

748 Rickety the Conjurer (level 7, -1/51 HPs)
             Began as a Gnoll Conjurer on Oct 1, 2021.
             Slain by Ijyb (3 damage)
             ... on level 4 of the Dungeon.
             The game lasted 00:08:15 (4575 turns).

Rickety the Conjurer (Gnoll Conjurer)               Turns: 4575, Time: 00:08:15

Health: -1/51      AC:  3    Str:  6    XL:     7   Next: 77%
Magic:  1/15       EV: 13    Int: 19    God:
Gold:   141        SH:  0    Dex: 11    Spells: 14/17 levels left

rFire    . . .     SeeInvis .     - Unarmed
rCold    . . .     Faith    .   (no shield)
rNeg     . . .     Spirit   .   a - +0 robe
rPois    .         Reflect  .   (no helmet)
rElec    .         Harm     .   (no cloak)
rCorr    .         Rampage  .   f - +0 pair of gloves
Will     +....                  (no boots)
Stlth    +++.......             (no amulet)
HPRegen  0.17/turn              q - ring of willpower
MPRegen  0.14/turn              (no ring)

@: brilliant
A: fangs 1, strong nose, distributed training
a: no special abilities


You were on level 4 of the Dungeon.
You visited 1 branch of the dungeon, and saw 4 of its levels.

You collected 141 gold pieces.

Inventory:

Missiles
 s - 7 boomerangs
Armour
 a - a +0 robe (worn)
 f - a +0 pair of gloves (worn)
Jewellery
 e - an amulet of guardian spirit
 q - a ring of willpower (left hand)
Scrolls
 b - 2 scrolls of noise {unknown}
 c - a scroll of magic mapping {unknown}
 g - a scroll of holy word {unknown}
 j - 2 scrolls of enchant armour {unknown}
 n - a scroll of vulnerability {unknown}
 p - a scroll of immolation {unknown}
 r - a scroll of identify {unknown}
 t - a scroll of teleportation {unknown}
Potions
 d - a potion of attraction {unknown}
 h - a potion of might {unknown}
 i - 2 potions of mutation {unknown}
 k - 2 potions of brilliance
 l - 2 potions of resistance {unknown}
 m - a potion of curing {unknown}
 o - a potion of cancellation {unknown}
 u - a potion of haste {unknown}


   Skills:
 + Level 2.7 Fighting
 + Level 2.7 Short Blades
 + Level 2.7 Long Blades
 + Level 2.7 Axes
 + Level 2.7 Maces & Flails
 + Level 2.7 Polearms
 + Level 2.7 Staves
 + Level 2.7 Slings
 + Level 2.7 Bows
 + Level 2.7 Crossbows
 + Level 2.7 Throwing
 + Level 2.7 Armour
 + Level 5.3 Dodging
 + Level 5.0 Stealth
 + Level 2.7 Shields
 + Level 2.7 Unarmed Combat
 + Level 5.7 Spellcasting
 + Level 7.5 Conjurations
 + Level 2.2 Hexes
 + Level 2.2 Summonings
 + Level 2.2 Necromancy
 + Level 2.2 Translocations
 + Level 2.2 Transmutations
 + Level 2.2 Fire Magic
 + Level 2.2 Ice Magic
 + Level 2.2 Air Magic
 + Level 2.2 Earth Magic
 + Level 2.2 Poison Magic
 + Level 3.0 Invocations
 + Level 2.7 Evocations


You had 14 spell levels left.
You knew the following spells:

 Your Spells              Type           Power      Damage    Failure   Level
a - Magic Dart            Conj           100%       1d8       1%          1
r - Searing Ray           Conj           100%       3d7       1%          2

Your spell library contained the following spells:

 Spells                   Type           Power      Damage    Failure   Level
 Dazzling Flash           Conj/Hex       70%        N/A       4%          3
 Fulminant Prism          Conj/Hex       17%        3d11      16%         4
 Iskenderun's Mystic Bla  Conj/Tloc      35%        2d8       16%         4


Dungeon Overview and Level Annotations

Branches:
Dungeon (4/15)
 Temple: D:4-7

Altars:

Shops:
D:2 *   D:4 *

Annotations:
D:4 1 runed translucent door, Crazy Yiuf, Ijyb


Innate Abilities, Weirdness & Mutations

You have very sharp teeth.
Your uncanny sense of smell can sniff out nearby items.
Your experience applies equally to all skills.


Message History

Confirm with . or Enter, or press ? or * to list all spells.
Aiming: Searing Ray (safe; 1% risk of failure)
Press: ? - help, Shift-Dir - straight line, f/p - Ijyb
Aim: Ijyb, wielding a +0 club, wearing a +0 chain mail and carrying a wand of iceblast (10) (severely wounded, 81% to hit)
The searing ray hits Ijyb but does no damage.
Ijyb is severely wounded. (Press . to maintain the ray.) Ijyb screams, "Get away!"
Ijyb hits you with a +0 club.
* * * LOW HITPOINT WARNING * * *
Without enough magic to sustain it, your searing ray dissipates.
Ijyb hits you with a +0 club.
* * * LOW HITPOINT WARNING * * *
Aiming: Magic Dart (safe; 1% risk of failure)
Press: ? - help, Q - select action, (/) - cycle Shift-Dir - straight line, f/p - Ijyb
Aim: Ijyb, wielding a +0 club, wearing a +0 chain mail and carrying a wand of iceblast (10) (severely wounded, 100% to hit)
The magic dart hits Ijyb but does no damage.
Ijyb is severely wounded.
Ijyb hits you with a +0 club.
* * * LOW HITPOINT WARNING * * *
You hit Ijyb but do no damage.
Ijyb is severely wounded.
You hit Ijyb.
Ijyb is severely wounded.
Ijyb hits you with a +0 club.
* * * LOW HITPOINT WARNING * * *
You hit Ijyb but do no damage.
Ijyb is severely wounded.
Ijyb hits you with a +0 club.
* * * LOW HITPOINT WARNING * * *
You barely miss Ijyb.
Ijyb is severely wounded.
Ijyb barely misses you.
You hit Ijyb but do no damage.
Ijyb is severely wounded.
Ijyb misses you.
It was a potion of brilliance.
You feel clever all of a sudden. Ijyb hits you with a +0 club.
You die...

.#....)##....##
.#....)########.
.##...)# ... .#####)##
.. ..# .#...†).# ..
...# .#.....## #. ...#
.#.....########. #g.#
.########....##'###h.#
.####..##....#..@#...#
...+.........+..g#...#
...#.........#...'...#
...##..##..<.##..##.)#
...##..##....######..#
....'..##≈≈≈≈§#......#
...##...+≈###≈...##..#
#####..#..'∩'.§..##..#
...######≈###§.......#


You could see Ijyb.

Vanquished Creatures
  Sigmund (D:3)
  Menkaure (D:4)
  An ogre (D:4)
  A phantom (D:2)
  A bullfrog zombie (D:3)
  An iguana (D:4)
  An orc wizard (D:3)
  Robin (D:4)
  7 adders
  An ufetubus (D:4)
  An adder skeleton (D:4)
  3 worms
  4 dart slugs
  10 orcs
  7 endoplasms
  2 giant cockroaches
  12 hobgoblins
  8 jackals
  4 quokkas
  11 ball pythons
  4 bats
  3 frilled lizards (D:3)
  12 goblins
  9 kobolds
  6 rats
112 creatures vanquished.

Vanquished Creatures (others)
  A jackal (D:4)
1 creature vanquished.

Grand Total: 113 creatures vanquished

Notes
Turn   | Place    | Note
-------+----------+-------------------------------------------
     0 | D:1      | Rickety the Gnoll Conjurer began the quest for the Orb.
     0 | D:1      | Reached XP level 1. HP: 13/13 MP: 6/6
    23 | D:1      | Noticed a shining eye
    25 | D:1      | Found a faded altar of an unknown god.
    67 | D:1      | Noticed a great orb of eyes
    67 | D:1      | Noticed a floating eye
    67 | D:1      | Noticed a great orb of eyes
    87 | D:1      | Reached XP level 2. HP: 19/19 MP: 2/7
    90 | D:1      | Learned a level 2 spell: Searing Ray
   874 | D:1      | Reached XP level 3. HP: 25/25 MP: 7/9
   916 | D:1      | Reached skill level 5 in Spellcasting
  1360 | D:2      | Reached skill level 1 in Invocations
  1431 | D:2      | Reached skill level 1 in Fighting
  1431 | D:2      | Reached skill level 1 in Short Blades
  1431 | D:2      | Reached skill level 1 in Long Blades
  1431 | D:2      | Reached skill level 1 in Axes
  1431 | D:2      | Reached skill level 1 in Maces & Flails
  1431 | D:2      | Reached skill level 1 in Polearms
  1431 | D:2      | Reached skill level 1 in Staves
  1431 | D:2      | Reached skill level 1 in Slings
  1431 | D:2      | Reached skill level 1 in Bows
  1431 | D:2      | Reached skill level 1 in Crossbows
  1431 | D:2      | Reached skill level 1 in Throwing
  1431 | D:2      | Reached skill level 1 in Armour
  1431 | D:2      | Reached skill level 1 in Shields
  1431 | D:2      | Reached skill level 1 in Unarmed Combat
  1431 | D:2      | Reached skill level 1 in Evocations
  1473 | D:2      | Noticed a phantom
  1478 | D:2      | Killed a phantom
  1479 | D:2      | Reached skill level 1 in Hexes
  1479 | D:2      | Reached skill level 1 in Summonings
  1479 | D:2      | Reached skill level 1 in Necromancy
  1479 | D:2      | Reached skill level 1 in Translocations
  1479 | D:2      | Reached skill level 1 in Transmutations
  1479 | D:2      | Reached skill level 1 in Fire Magic
  1479 | D:2      | Reached skill level 1 in Ice Magic
  1479 | D:2      | Reached skill level 1 in Air Magic
  1479 | D:2      | Reached skill level 1 in Earth Magic
  1479 | D:2      | Reached skill level 1 in Poison Magic
  1479 | D:2      | Reached XP level 4. HP: 32/32 MP: 3/11
  1479 | D:2      | Reached XP level 5. HP: 37/37 MP: 3/12
  2193 | D:2      | Found Cateqig's General Store.
  2686 | D:3      | Reached XP level 6. HP: 31/44 MP: 1/13
  3368 | D:3      | Noticed Sigmund
  3374 | D:3      | Killed Sigmund
  3375 | D:3      | Reached skill level 5 in Dodging
  3375 | D:3      | Reached XP level 7. HP: 42/50 MP: 8/15
  3515 | D:4      | Noticed Menkaure
  3521 | D:4      | Killed Menkaure
  3804 | D:4      | Reached skill level 5 in Stealth
  3864 | D:4      | Noticed Robin
  3868 | D:4      | Killed Robin
  4402 | D:4      | Found a runed translucent door.
  4403 | D:4      | Noticed Crazy Yiuf
  4460 | D:4      | Found Ripiqe's General Store.
  4550 | D:4      | Noticed Ijyb
  4572 | D:4      | HP: 2/51 [Ijyb (3)]
  4575 | D:4      | Slain by Ijyb

Illustrated notes

Levels and vault maps discovered:
D:1:      heliophobic_arrival_enchanted_forest, layout_basic,
          hellmonk_ecumenical_altar_watching_god, minmay_misc_feat_diagonals
D:2:      layout_loops_cross, serial_shops, shop, grunt_ministairs_4,
          hangedman_decor_clover_reticule, kennysheep_generic_room_4
D:3:      layout_basic, uniq_sigmund
D:4:      layout_gridville, nicolae_ossuary_entry_monument, serial_shops,
          kennysheep_mini_moat, minmay_misc_feat_tower, st_stairs_1,
          uniq_crazy_yiuf_cottage, uniq_robin, uniq_ijyb, uniq_menkaure

Skill      XL: |  1  2  3  4  5  6  7 |
---------------+----------------------+-----
Spellcasting   | 5 |  5.7
Invocations    | 1 2 3 |  3.0
Fighting       | 1 2 |  2.7
Short Blades   | 1 2 |  2.7
Long Blades    | 1 2 |  2.7
Axes           | 1 2 |  2.7
Maces & Flails | 1 2 |  2.7
Polearms       | 1 2 |  2.7
Staves         | 1 2 |  2.7
Slings         | 1 2 |  2.7
Bows           | 1 2 |  2.7
Crossbows      | 1 2 |  2.7
Throwing       | 1 2 |  2.7
Armour         | 1 2 |  2.7
Shields        | 1 2 |  2.7
Unarmed Combat | 1 2 |  2.7
Evocations     | 1 2 |  2.7
Hexes          | 1 2 |  2.2
Summonings     | 1 2 |  2.2
Necromancy     | 1 2 |  2.2
Translocations | 1 2 |  2.2
Transmutations | 1 2 |  2.2
Fire Magic     | 1 2 |  2.2
Ice Magic      | 1 2 |  2.2
Air Magic      | 1 2 |  2.2
Earth Magic    | 1 2 |  2.2
Poison Magic   | 1 2 |  2.2
Dodging        | 5 |  5.3
Stealth        | 5 |  5.0
Conjurations   | |  7.5

Action                   |  1- 3 |  4- 6 |  7- 9 || total
-------------------------+-------+-------+-------++-------
Melee: Unarmed           |     6 |     5 |    25 ||    36
       Bite              |     1 |       |     1 ||     2
 Cast: Magic Dart        |    61 |    56 |    42 ||   159
       Searing Ray       |     2 |    13 |    14 ||    29
  Use: Potion            |       |       |     1 ||     1
Armor: Robe              |     2 |     3 |     9 ||    14
Dodge: Dodged            |     3 |     8 |    29 ||    40
